[ AOE2 MATCH · #474912293 ]
Team RMBurgundians vs Byzantines
[ REPLAY ANALYSIS · EXTRACTED FROM THE RECORDED GAME ]
Feudal
10:34
Castle
14:19
Imperial
36:03
| APM avg | 22.7 |
| APM peak | 58 |
| eAPM avg | 11.8 |
| Villagers / military | 163 / 84 |
Focus
⚔️ 29.2% · 🌾 70.8%
Knight ×47 · Coustillier ×33 · Mangonel ×2 · Trebuchet (Packed) ×2
Feudal
10:28
Castle
20:04
Imperial
34:20
| APM avg | 23.0 |
| APM peak | 79 |
| eAPM avg | 12.8 |
| Villagers / military | 97 / 27 |
Focus
⚔️ 17.2% · 🌾 82.8%
Hand Cannoneer ×16 · Iron Pagoda ×6 · Trebuchet (Packed) ×5
Feudal
11:19
Castle
15:17
Imperial
45:58
| APM avg | 41.5 |
| APM peak | 70 |
| eAPM avg | 26.1 |
| Villagers / military | 143 / 124 |
Focus
⚔️ 21.9% · 🌾 78.1%
Steppe Lancer ×48 · Kipchak ×32 · Cavalry Archer ×25 · Knight ×10 · Battering Ram ×8 · Camel Scout ×1
Feudal
11:37
Castle
18:01
Imperial
—
| APM avg | 26.4 |
| APM peak | 65 |
| eAPM avg | 11.6 |
| Villagers / military | 49 / 114 |
Focus
⚔️ 36.5% · 🌾 63.5%
Spearman ×55 · Skirmisher ×49 · Cataphract ×7 · Battering Ram ×2 · Militia ×1
Feudal
12:00
Castle
19:38
Imperial
33:40
| APM avg | 14.1 |
| APM peak | 51 |
| eAPM avg | 8.3 |
| Villagers / military | 68 / 49 |
Focus
⚔️ 26.0% · 🌾 74.0%
Elephant Archer ×35 · Monk ×4 · Archer ×4 · Militia ×4 · Trebuchet (Packed) ×2
Feudal
10:21
Castle
14:04
Imperial
29:31
| APM avg | 14.4 |
| APM peak | 35 |
| eAPM avg | 11.1 |
| Villagers / military | 106 / 104 |
Focus
⚔️ 33.8% · 🌾 66.2%
Militia ×82 · Trebuchet (Packed) ×8 · Centurion ×6 · Scorpion ×3 · Battering Ram ×3 · Petard ×2
Match map
Initial resources + every placement click. Lines = walls · curves = elevation contours. ◆ gold · ⬟ stone · ● berries · ✦ relic · ◌ wall gap
Inputs per minute
— JeyAy - - carlosolares
Build order — JeyAy
First 150 of 252 actions detected
| 0:07 | Build | Town Center |
| 0:16 | Build | House |
| 0:18 | Build | House |
| 1:15 | Create | Villager (Male) ×4 |
| 1:35 | Build | Lumber Camp |
| 2:16 | Create | Villager (Male) |
| 2:38 | Research | Double-Bit Axe |
| 2:39 | Research | Double-Bit Axe |
| 2:52 | Create | Villager (Male) |
| 2:52 | Create | Villager (Male) |
| 3:34 | Create | Villager (Male) ×2 |
| 4:26 | Create | Villager (Male) ×2 |
| 5:28 | Build | Mill |
| 5:31 | Create | Villager (Male) |
| 5:58 | Create | Villager (Male) |
| 6:13 | Create | Villager (Male) ×2 |
| 6:58 | Create | Villager (Male) ×5 |
| 7:23 | Research | Loom |
| 8:24 | Research | Feudal Age |
| 8:24 | Research | Feudal Age |
| 8:45 | Build | Mining Camp |
| 9:58 | Create | Villager (Male) |
| 9:58 | Create | Villager (Male) |
| 10:34 | Age | Feudal Age |
| 10:40 | Build | Market |
| 10:46 | Build | Blacksmith |
| 11:39 | Research | Castle Age |
| 11:40 | Research | Castle Age |
| 11:59 | Research | Bow Saw |
| 11:59 | Research | Bow Saw |
| 12:06 | Research | Gold Mining |
| 12:35 | Build | House |
| 12:40 | Build | Palisade Wall |
| 12:49 | Build | Palisade Wall |
| 13:25 | Build | Barracks |
| 13:32 | Build | Palisade Wall |
| 14:05 | Research | Scale Barding Armor |
| 14:19 | Age | Castle Age |
| 14:21 | Create | Villager (Male) |
| 14:21 | Create | Villager (Male) |
| 14:45 | Build | Stable |
| 15:17 | Build | House |
| 15:19 | Build | Palisade Wall |
| 15:26 | Create | Villager (Male) |
| 15:26 | Create | Villager (Male) |
| 15:50 | Build | Mill |
| 16:05 | Create | Villager (Male) |
| 16:05 | Create | Villager (Male) |
| 16:11 | Create | Knight |
| 16:38 | Create | Knight |
| 16:46 | Create | Villager (Male) |
| 16:46 | Create | Villager (Male) |
| 17:21 | Create | Villager (Male) |
| 17:21 | Create | Villager (Male) |
| 17:25 | Build | Farm |
| 17:40 | Build | Mill |
| 17:48 | Create | Villager (Male) |
| 17:48 | Create | Villager (Male) |
| 18:13 | Create | Villager (Male) |
| 18:13 | Create | Villager (Male) |
| 18:31 | Build | Town Center |
| 18:58 | Build | Town Center |
| 19:08 | Create | Villager (Male) |
| 19:09 | Create | Villager (Male) |
| 19:10 | Create | Knight |
| 19:35 | Build | Farm |
| 19:58 | Build | Farm |
| 20:12 | Create | Villager (Male) |
| 20:13 | Create | Villager (Male) |
| 20:15 | Create | Villager (Male) |
| 20:15 | Create | Villager (Male) |
| 20:15 | Create | Villager (Male) |
| 20:15 | Create | Villager (Male) |
| 20:18 | Build | Farm |
| 20:48 | Create | Villager (Male) |
| 20:48 | Create | Villager (Male) |
| 20:56 | Build | Farm |
| 21:08 | Build | Farm |
| 21:17 | Create | Villager (Male) ×3 |
| 21:29 | Research | Horse Collar |
| 21:29 | Research | Horse Collar |
| 21:31 | Create | Villager (Male) |
| 21:49 | Create | Villager (Male) |
| 22:25 | Create | Villager (Male) ×4 |
| 22:38 | Create | Villager (Male) |
| 22:48 | Build | House |
| 22:49 | Build | House |
| 22:50 | Build | House |
| 22:51 | Build | House |
| 22:58 | Research | Wheelbarrow |
| 23:07 | Build | Farm |
| 23:07 | Build | Farm |
| 23:08 | Build | Farm |
| 23:08 | Build | Farm |
| 23:43 | Create | Villager (Male) ×5 |
| 24:04 | Build | Lumber Camp |
| 24:32 | Build | Castle |
| 24:35 | Research | Fletching |
| 24:42 | Create | Villager (Male) ×5 |
| 24:47 | Research | Cavalier (upgrade) |
| 24:53 | Build | Farm |
| 24:53 | Build | Farm |
| 24:53 | Build | Farm |
| 24:58 | Research | Heavy Plow |
| 24:58 | Research | Heavy Plow |
| 25:09 | Create | Villager (Male) |
| 25:34 | Create | Villager (Male) |
| 25:39 | Create | Villager (Male) ×3 |
| 25:45 | Build | Farm |
| 25:45 | Build | Farm |
| 25:45 | Build | Farm |
| 25:46 | Build | Farm |
| 25:46 | Build | Farm |
| 25:46 | Build | Farm |
| 25:46 | Build | Farm |
| 25:50 | Build | Farm |
| 25:51 | Build | Farm |
| 25:51 | Build | Farm |
| 25:57 | Create | Villager (Male) ×2 |
| 26:38 | Create | Villager (Male) ×5 |
| 26:46 | Build | House |
| 26:55 | Research | Hand Cart |
| 27:01 | Research | Hand Cart |
| 27:02 | Research | Town Watch |
| 27:08 | Research | Forging |
| 27:14 | Create | Villager (Male) ×2 |
| 27:17 | Create | Villager (Male) ×2 |
| 27:47 | Build | Town Center |
| 28:01 | Create | Villager (Male) ×5 |
| 28:24 | Research | Stone Mining |
| 28:31 | Research | Two-Man Saw |
| 28:36 | Build | Farm |
| 28:37 | Build | Farm |
| 28:37 | Build | Farm |
| 28:37 | Build | Farm |
| 28:37 | Build | Farm |
| 28:41 | Build | Farm |
| 28:41 | Build | Farm |
| 28:42 | Build | Farm |
| 28:42 | Build | Farm |
| 28:55 | Build | Mining Camp |
| 29:00 | Create | Knight |
| 29:01 | Create | Knight |
| 29:01 | Create | Knight |
| 29:01 | Create | Knight |
| 29:11 | Build | House |
| 29:12 | Build | House |
| 29:12 | Build | House |
| 29:13 | Build | House |
| 29:18 | Create | Villager (Male) ×5 |
Build order — carlosolares
First 150 of 270 actions detected
| 0:48 | Build | Town Center |
| 2:03 | Create | Villager (Male) |
| 2:03 | Create | Villager (Male) |
| 2:03 | Create | Villager (Male) |
| 2:03 | Create | Villager (Male) |
| 2:03 | Create | Villager (Male) |
| 2:45 | Build | House |
| 3:02 | Create | Villager (Male) |
| 3:37 | Create | Villager (Male) |
| 3:50 | Build | House |
| 4:17 | Create | Villager (Male) |
| 4:22 | Research | Loom |
| 4:22 | Create | Villager (Male) |
| 4:22 | Create | Villager (Male) |
| 4:46 | Create | Villager (Male) |
| 4:46 | Create | Villager (Male) |
| 4:47 | Create | Villager (Male) |
| 4:54 | Build | Mill |
| 5:31 | Create | Villager (Male) |
| 5:31 | Create | Villager (Male) |
| 5:32 | Create | Villager (Male) |
| 5:40 | Create | Villager (Male) |
| 6:26 | Build | Lumber Camp |
| 7:53 | Research | Feudal Age |
| 8:24 | Build | House |
| 8:44 | Build | House |
| 9:56 | Create | Villager (Male) |
| 9:57 | Create | Villager (Male) |
| 9:57 | Create | Villager (Male) |
| 9:57 | Create | Villager (Male) |
| 9:57 | Create | Villager (Male) |
| 10:28 | Age | Feudal Age |
| 10:28 | Research | Double-Bit Axe |
| 10:30 | Research | Horse Collar |
| 10:37 | Build | Stone Wall |
| 10:41 | Build | Stone Wall |
| 10:52 | Build | Stone Wall |
| 11:02 | Create | Villager (Male) |
| 11:02 | Create | Villager (Male) |
| 11:02 | Create | Villager (Male) |
| 11:35 | Build | Mining Camp |
| 11:37 | Create | Villager (Male) |
| 11:37 | Create | Villager (Male) |
| 11:50 | Build | Stone Wall |
| 12:37 | Build | Stone Wall |
| 13:11 | Build | Stone Wall |
| 13:31 | Create | Villager (Male) |
| 13:32 | Create | Villager (Male) |
| 13:41 | Build | Mining Camp |
| 13:48 | Build | Farm |
| 13:49 | Build | Farm |
| 13:50 | Build | Farm |
| 13:51 | Build | Farm |
| 14:05 | Build | Farm |
| 14:06 | Build | Farm |
| 14:07 | Build | Farm |
| 14:09 | Build | Farm |
| 14:22 | Build | Farm |
| 14:25 | Build | Farm |
| 14:27 | Build | Farm |
| 15:03 | Build | Stone Wall |
| 15:14 | Build | Market |
| 15:20 | Build | Farm |
| 15:30 | Build | Stone Wall |
| 15:46 | Build | Blacksmith |
| 15:53 | Build | Stone Wall |
| 16:50 | Build | Stone Wall |
| 16:54 | Build | Stone Wall |
| 17:24 | Research | Castle Age |
| 17:26 | Research | Stone Mining |
| 17:50 | Create | Villager (Male) |
| 18:14 | Build | Stone Wall |
| 18:23 | Build | Stone Wall |
| 18:30 | Build | Stone Wall |
| 19:10 | Build | House |
| 19:11 | Build | House |
| 19:11 | Build | House |
| 19:12 | Build | House |
| 20:04 | Age | Castle Age |
| 20:06 | Create | Villager (Male) |
| 20:06 | Create | Villager (Male) |
| 20:07 | Create | Villager (Male) |
| 20:07 | Create | Villager (Male) |
| 20:13 | Build | Town Center |
| 20:31 | Build | Stone Wall |
| 20:33 | Build | Stone Wall |
| 20:35 | Build | Stone Wall |
| 20:36 | Build | Stone Wall |
| 20:37 | Build | Stone Wall |
| 20:40 | Build | Stone Wall |
| 20:41 | Build | Stone Wall |
| 20:42 | Build | Stone Wall |
| 20:48 | Build | University |
| 20:53 | Build | Siege Workshop |
| 21:11 | Create | Villager (Male) |
| 21:12 | Create | Villager (Male) |
| 21:12 | Create | Villager (Male) |
| 21:12 | Create | Villager (Male) |
| 21:12 | Create | Villager (Male) |
| 21:32 | Build | House |
| 21:33 | Build | House |
| 21:35 | Build | House |
| 21:36 | Build | House |
| 21:40 | Research | Fortified Wall (upgrade) |
| 21:43 | Build | Stone Wall |
| 21:44 | Build | Stone Wall |
| 22:09 | Create | Villager (Male) |
| 22:19 | Build | Farm |
| 22:31 | Build | Stone Wall |
| 22:45 | Build | Stone Wall |
| 22:55 | Build | Farm |
| 22:59 | Create | Villager (Male) |
| 23:00 | Create | Villager (Male) |
| 23:02 | Create | Villager (Male) |
| 23:02 | Create | Villager (Male) |
| 23:21 | Build | Farm |
| 23:28 | Build | Town Center |
| 23:35 | Create | Villager (Male) |
| 23:35 | Create | Villager (Male) |
| 23:39 | Build | Farm |
| 23:42 | Create | Villager (Male) |
| 23:49 | Create | Villager (Male) |
| 23:49 | Create | Villager (Male) |
| 23:54 | Build | Stone Wall |
| 24:14 | Create | Iron Pagoda |
| 24:39 | Research | Masonry |
| 24:39 | Research | Masonry |
| 24:53 | Create | Villager (Male) |
| 24:54 | Create | Villager (Male) |
| 25:20 | Build | House |
| 25:21 | Build | House |
| 25:42 | Build | Outpost |
| 25:57 | Build | Town Center |
| 26:09 | Build | House |
| 26:10 | Build | House |
| 26:15 | Build | House |
| 26:15 | Build | House |
| 26:21 | Build | House |
| 26:32 | Create | Villager (Male) |
| 26:32 | Create | Villager (Male) |
| 26:32 | Create | Villager (Male) |
| 26:33 | Create | Villager (Male) |
| 26:34 | Create | Villager (Male) |
| 26:40 | Create | Villager (Male) |
| 26:40 | Create | Villager (Male) |
| 26:42 | Create | Villager (Male) |
| 26:42 | Create | Villager (Male) |
| 26:54 | Build | Castle |
| 27:02 | Build | Farm |
| 27:14 | Build | Farm |
Build order — Napoleon
First 150 of 437 actions detected
| 0:08 | Build | Town Center |
| 1:10 | Create | Villager (Male) |
| 1:10 | Create | Villager (Male) |
| 1:41 | Create | Villager (Male) |
| 2:10 | Create | Villager (Male) |
| 2:29 | Create | Villager (Male) |
| 2:53 | Create | Villager (Male) |
| 3:22 | Build | Lumber Camp |
| 3:23 | Create | Villager (Male) |
| 3:43 | Create | Villager (Male) |
| 3:56 | Create | Villager (Male) |
| 4:13 | Create | Villager (Male) |
| 5:01 | Build | House |
| 5:24 | Create | Villager (Male) |
| 5:24 | Create | Villager (Male) |
| 5:47 | Create | Villager (Male) |
| 6:23 | Create | Villager (Male) |
| 6:44 | Create | Villager (Male) |
| 7:10 | Create | Villager (Male) |
| 7:31 | Build | House |
| 7:37 | Create | Villager (Male) |
| 8:00 | Create | Villager (Male) |
| 8:16 | Create | Villager (Male) |
| 8:21 | Build | Mill |
| 8:50 | Build | Mining Camp |
| 8:52 | Research | Feudal Age |
| 9:56 | Create | Villager (Male) |
| 10:10 | Build | House |
| 10:11 | Build | House |
| 10:43 | Build | Mill |
| 10:53 | Build | Mill |
| 11:19 | Age | Feudal Age |
| 11:25 | Build | Market |
| 11:27 | Build | Blacksmith |
| 11:37 | Create | Villager (Male) |
| 12:38 | Research | Castle Age |
| 12:38 | Research | Castle Age |
| 12:53 | Research | Double-Bit Axe |
| 12:54 | Research | Double-Bit Axe |
| 13:03 | Build | Barracks |
| 14:16 | Build | Archery Range |
| 14:39 | Build | Town Center |
| 14:42 | Create | Villager (Male) |
| 14:43 | Create | Villager (Male) |
| 14:48 | Research | Fletching |
| 15:15 | Research | Loom |
| 15:17 | Age | Castle Age |
| 15:21 | Create | Cavalry Archer |
| 15:21 | Create | Cavalry Archer |
| 15:25 | Build | Stable |
| 15:34 | Build | Stable |
| 15:43 | Build | House |
| 15:47 | Build | House |
| 15:53 | Build | House |
| 16:09 | Build | Town Center |
| 16:16 | Create | Steppe Lancer |
| 16:25 | Create | Villager (Male) |
| 16:26 | Create | Villager (Male) |
| 16:54 | Create | Steppe Lancer |
| 16:54 | Create | Steppe Lancer |
| 17:25 | Create | Steppe Lancer |
| 17:44 | Create | Villager (Male) |
| 17:45 | Create | Villager (Male) |
| 17:47 | Create | Villager (Male) |
| 18:01 | Create | Steppe Lancer |
| 18:32 | Create | Villager (Male) |
| 18:45 | Build | Farm |
| 18:46 | Build | Farm |
| 18:59 | Create | Steppe Lancer |
| 18:59 | Create | Steppe Lancer |
| 19:16 | Create | Villager (Male) |
| 19:22 | Build | Mill |
| 19:46 | Build | Farm |
| 19:47 | Create | Villager (Male) |
| 19:49 | Create | Villager (Male) |
| 19:50 | Create | Villager (Male) |
| 20:01 | Create | Cavalry Archer |
| 20:01 | Create | Cavalry Archer |
| 20:24 | Build | Farm |
| 20:25 | Build | Farm |
| 20:26 | Build | Farm |
| 20:27 | Build | Farm |
| 20:32 | Build | Archery Range |
| 20:33 | Build | Archery Range |
| 20:36 | Build | Farm |
| 20:36 | Create | Villager (Male) |
| 20:37 | Create | Villager (Male) |
| 20:55 | Create | Cavalry Archer |
| 20:55 | Create | Cavalry Archer |
| 21:16 | Create | Steppe Lancer |
| 21:23 | Create | Villager (Male) |
| 21:25 | Build | Farm |
| 21:27 | Create | Villager (Male) |
| 21:27 | Create | Villager (Male) |
| 21:33 | Build | Farm |
| 21:38 | Build | Farm |
| 21:39 | Build | Farm |
| 21:40 | Build | Farm |
| 21:42 | Research | Horse Collar |
| 21:58 | Create | Villager (Male) |
| 21:59 | Create | Villager (Male) |
| 22:07 | Build | Mill |
| 22:33 | Research | Scale Barding Armor |
| 22:33 | Research | Scale Barding Armor |
| 22:46 | Create | Cavalry Archer |
| 22:47 | Create | Cavalry Archer |
| 22:47 | Create | Cavalry Archer |
| 23:08 | Build | Outpost |
| 23:19 | Create | Steppe Lancer |
| 23:20 | Create | Steppe Lancer |
| 23:36 | Build | Mill |
| 23:50 | Research | Thumb Ring |
| 23:51 | Create | Cavalry Archer |
| 23:52 | Create | Cavalry Archer |
| 24:00 | Create | Villager (Male) |
| 24:01 | Create | Villager (Male) |
| 24:04 | Create | Villager (Male) |
| 24:04 | Create | Villager (Male) |
| 24:27 | Create | Cavalry Archer |
| 24:41 | Create | Villager (Male) |
| 24:41 | Create | Villager (Male) |
| 24:43 | Create | Villager (Male) |
| 24:54 | Build | House |
| 25:34 | Build | Mining Camp |
| 25:37 | Create | Villager (Male) |
| 25:38 | Create | Villager (Male) |
| 25:44 | Create | Cavalry Archer |
| 25:45 | Create | Cavalry Archer |
| 25:45 | Create | Cavalry Archer |
| 26:03 | Build | Farm |
| 26:04 | Build | Farm |
| 26:04 | Create | Villager (Male) |
| 26:05 | Create | Villager (Male) |
| 26:07 | Create | Villager (Male) |
| 26:49 | Create | Steppe Lancer |
| 26:49 | Create | Steppe Lancer |
| 26:50 | Create | Steppe Lancer |
| 27:00 | Create | Villager (Male) |
| 27:00 | Create | Villager (Male) |
| 27:04 | Build | Farm |
| 27:05 | Build | Farm |
| 27:13 | Research | Bodkin Arrow |
| 27:18 | Build | House |
| 27:19 | Build | House |
| 27:20 | Build | House |
| 27:21 | Build | House |
| 27:22 | Build | House |
| 27:37 | Research | Bloodlines |
| 27:47 | Create | Villager (Male) |
| 27:49 | Create | Villager (Male) |
Build order — javier.dominguez
First 150 of 250 actions detected
| 0:10 | Build | Town Center |
| 1:14 | Create | Villager (Male) |
| 1:14 | Create | Villager (Male) |
| 1:14 | Create | Villager (Male) |
| 1:14 | Create | Villager (Male) |
| 2:11 | Create | Villager (Male) |
| 2:11 | Create | Villager (Male) |
| 2:11 | Create | Villager (Male) |
| 3:27 | Create | Villager (Male) |
| 3:28 | Create | Villager (Male) |
| 3:28 | Create | Villager (Male) |
| 3:54 | Create | Villager (Male) |
| 3:54 | Create | Villager (Male) |
| 4:46 | Create | Villager (Male) |
| 5:07 | Create | Villager (Male) |
| 5:16 | Build | Lumber Camp |
| 5:49 | Create | Villager (Male) |
| 6:50 | Create | Villager (Male) |
| 6:50 | Create | Villager (Male) |
| 7:02 | Build | House |
| 7:20 | Create | Villager (Male) |
| 7:21 | Research | Loom |
| 8:36 | Create | Villager (Male) |
| 8:36 | Create | Villager (Male) |
| 8:47 | Build | Mill |
| 9:20 | Research | Feudal Age |
| 9:36 | Build | Mining Camp |
| 9:39 | Build | Farm |
| 9:41 | Build | Farm |
| 10:53 | Build | Barracks |
| 11:12 | Build | House |
| 11:22 | Build | House |
| 11:28 | Create | Villager (Male) |
| 11:37 | Age | Feudal Age |
| 11:41 | Create | Villager (Male) |
| 12:02 | Research | Double-Bit Axe |
| 12:09 | Research | Horse Collar |
| 12:11 | Build | Farm |
| 12:16 | Build | House |
| 12:24 | Build | House |
| 12:44 | Build | Stone Wall |
| 12:48 | Build | Building 490 |
| 12:51 | Create | Villager (Male) |
| 12:52 | Create | Villager (Male) |
| 12:57 | Build | Farm |
| 13:00 | Build | Farm |
| 13:03 | Build | Farm |
| 13:33 | Build | Market |
| 13:40 | Create | Villager (Male) |
| 14:29 | Build | Blacksmith |
| 14:32 | Create | Villager (Male) |
| 14:56 | Build | Stone Wall |
| 15:07 | Build | Mining Camp |
| 15:21 | Research | Castle Age |
| 15:31 | Build | Archery Range |
| 16:13 | Create | Villager (Male) |
| 16:13 | Create | Villager (Male) |
| 16:24 | Research | Gold Mining |
| 16:33 | Build | Farm |
| 16:36 | Build | Farm |
| 16:45 | Build | Stone Wall |
| 16:54 | Build | House |
| 16:55 | Build | House |
| 17:00 | Create | Villager (Male) |
| 17:18 | Create | Skirmisher |
| 17:19 | Create | Skirmisher |
| 17:23 | Build | Farm |
| 17:36 | Build | Archery Range |
| 17:48 | Research | Fletching |
| 17:55 | Build | Stone Wall |
| 17:58 | Build | Building 487 |
| 18:01 | Age | Castle Age |
| 18:04 | Create | Skirmisher |
| 18:05 | Create | Skirmisher |
| 18:07 | Create | Villager (Male) |
| 18:16 | Create | Skirmisher |
| 18:16 | Create | Skirmisher |
| 18:34 | Create | Villager (Male) |
| 18:53 | Research | Heavy Plow |
| 19:02 | Research | Bow Saw |
| 19:36 | Build | Farm |
| 19:47 | Research | Elite Skirmisher (upgrade) |
| 19:59 | Research | Padded Archer Armor |
| 20:13 | Build | Stone Wall |
| 20:19 | Create | Spearman |
| 20:19 | Create | Spearman |
| 20:20 | Create | Spearman |
| 20:37 | Build | Farm |
| 20:48 | Build | Stone Wall |
| 20:59 | Research | Pikeman (upgrade) |
| 21:28 | Create | Spearman |
| 21:29 | Research | Squires |
| 22:16 | Create | Spearman |
| 22:16 | Create | Spearman |
| 22:20 | Research | Scale Mail Armor |
| 22:46 | Create | Spearman |
| 22:50 | Build | Barracks |
| 23:35 | Create | Spearman |
| 23:35 | Create | Spearman |
| 23:39 | Research | Forging |
| 24:03 | Create | Skirmisher |
| 24:03 | Create | Skirmisher |
| 24:18 | Create | Villager (Male) |
| 24:19 | Create | Villager (Male) |
| 24:31 | Build | House |
| 24:33 | Build | House |
| 24:42 | Build | Castle |
| 24:48 | Create | Skirmisher |
| 24:48 | Create | Skirmisher |
| 24:52 | Build | House |
| 24:56 | Build | House |
| 25:16 | Create | Skirmisher |
| 25:16 | Create | Skirmisher |
| 25:40 | Build | Siege Workshop |
| 25:51 | Create | Villager (Male) |
| 26:21 | Create | Skirmisher |
| 26:21 | Create | Skirmisher |
| 26:43 | Create | Skirmisher |
| 26:43 | Create | Skirmisher |
| 26:43 | Create | Skirmisher |
| 27:04 | Build | Lumber Camp |
| 27:22 | Create | Cataphract |
| 28:08 | Build | Town Center |
| 28:28 | Create | Skirmisher |
| 28:28 | Create | Skirmisher |
| 28:28 | Create | Skirmisher |
| 28:32 | Create | Spearman |
| 28:32 | Create | Spearman |
| 28:32 | Create | Spearman |
| 28:36 | Research | Chain Mail Armor |
| 28:37 | Research | Iron Casting |
| 28:50 | Build | Stone Wall |
| 29:01 | Research | Bodkin Arrow |
| 29:05 | Create | Skirmisher |
| 29:05 | Create | Skirmisher |
| 29:05 | Create | Skirmisher |
| 29:13 | Build | Farm |
| 29:18 | Build | Farm |
| 29:38 | Build | Stone Wall |
| 29:47 | Create | Cataphract |
| 29:53 | Create | Skirmisher |
| 29:53 | Create | Skirmisher |
| 29:57 | Create | Villager (Male) |
| 30:09 | Create | Spearman |
| 30:09 | Create | Spearman |
| 30:16 | Create | Cataphract |
| 30:24 | Build | Farm |
| 30:26 | Build | Farm |
| 30:35 | Create | Villager (Male) |
| 30:35 | Create | Villager (Male) |
Build order — Rusinho
First 150 of 206 actions detected
| 1:06 | Build | Town Center |
| 1:56 | Build | House |
| 1:59 | Build | House |
| 2:06 | Create | Villager (Male) |
| 2:06 | Create | Villager (Male) |
| 2:06 | Create | Villager (Male) |
| 2:07 | Create | Villager (Male) |
| 2:07 | Create | Villager (Male) |
| 3:26 | Create | Villager (Male) |
| 3:26 | Create | Villager (Male) |
| 3:52 | Create | Villager (Male) |
| 3:52 | Create | Villager (Male) |
| 4:39 | Create | Villager (Male) |
| 4:40 | Create | Villager (Male) |
| 4:55 | Create | Villager (Male) |
| 4:55 | Create | Villager (Male) |
| 4:55 | Create | Villager (Male) |
| 5:46 | Build | Barracks |
| 5:50 | Build | Mill |
| 6:08 | Create | Villager (Male) |
| 6:08 | Create | Villager (Male) |
| 6:08 | Create | Villager (Male) |
| 6:48 | Build | Mill |
| 6:55 | Research | Loom |
| 6:55 | Create | Villager (Male) |
| 6:56 | Create | Villager (Male) |
| 7:43 | Create | Villager (Male) |
| 7:43 | Create | Villager (Male) |
| 7:55 | Create | Militia |
| 8:54 | Create | Militia |
| 9:23 | Create | Villager (Male) |
| 9:50 | Research | Feudal Age |
| 10:41 | Build | Mining Camp |
| 11:45 | Create | Villager (Male) |
| 11:48 | Create | Villager (Male) |
| 12:00 | Age | Feudal Age |
| 12:05 | Create | Militia |
| 12:09 | Create | Militia |
| 12:26 | Build | Archery Range |
| 12:44 | Build | House |
| 12:47 | Build | House |
| 12:48 | Build | House |
| 12:52 | Create | Villager (Male) |
| 12:54 | Create | Villager (Male) |
| 13:24 | Create | Archer |
| 13:28 | Create | Archer |
| 16:09 | Create | Archer |
| 16:10 | Create | Archer |
| 16:22 | Build | Blacksmith |
| 16:59 | Research | Castle Age |
| 17:23 | Research | Gold Mining |
| 18:14 | Research | Wheelbarrow |
| 18:44 | Build | House |
| 19:33 | Build | House |
| 19:38 | Age | Castle Age |
| 19:42 | Build | Town Center |
| 20:02 | Build | Town Center |
| 20:15 | Build | Farm |
| 20:16 | Build | Farm |
| 20:17 | Build | Farm |
| 20:18 | Build | Farm |
| 20:20 | Build | Farm |
| 20:21 | Build | Farm |
| 20:42 | Create | Villager (Male) |
| 20:42 | Create | Villager (Male) |
| 20:42 | Create | Villager (Male) |
| 20:50 | Build | House |
| 20:54 | Build | House |
| 20:59 | Build | Stone Wall |
| 21:29 | Create | Villager (Male) |
| 21:49 | Build | Castle |
| 21:56 | Build | Mining Camp |
| 22:20 | Create | Villager (Male) |
| 22:20 | Create | Villager (Male) |
| 22:20 | Create | Villager (Male) |
| 22:34 | Build | Farm |
| 22:35 | Build | Farm |
| 22:42 | Build | House |
| 22:47 | Build | Farm |
| 22:56 | Build | Farm |
| 23:03 | Create | Villager (Male) |
| 23:04 | Create | Villager (Male) |
| 23:04 | Create | Villager (Male) |
| 23:10 | Build | Farm |
| 23:15 | Create | Villager (Male) |
| 23:15 | Create | Villager (Male) |
| 23:37 | Build | Monastery |
| 23:43 | Create | Villager (Male) |
| 23:44 | Create | Villager (Male) |
| 24:06 | Build | Stone Wall |
| 24:16 | Build | Stone Wall |
| 24:37 | Create | Villager (Male) |
| 24:38 | Create | Villager (Male) |
| 24:38 | Create | Villager (Male) |
| 24:38 | Create | Villager (Male) |
| 24:38 | Create | Villager (Male) |
| 24:39 | Create | Villager (Male) |
| 24:53 | Create | Monk |
| 25:05 | Research | Horse Collar |
| 25:17 | Build | Stone Wall |
| 25:39 | Build | Building 487 |
| 26:17 | Research | Hand Cart |
| 26:24 | Build | Farm |
| 26:25 | Build | Farm |
| 26:26 | Build | Farm |
| 26:30 | Build | Farm |
| 26:31 | Build | Farm |
| 26:50 | Create | Monk |
| 27:22 | Build | Archery Range |
| 27:30 | Build | Archery Range |
| 27:38 | Create | Villager (Male) |
| 27:39 | Create | Villager (Male) |
| 27:39 | Create | Villager (Male) |
| 27:39 | Create | Villager (Male) |
| 27:40 | Create | Villager (Male) |
| 27:41 | Create | Villager (Male) |
| 27:41 | Create | Villager (Male) |
| 27:41 | Create | Villager (Male) |
| 27:45 | Build | Farm |
| 27:46 | Build | Farm |
| 27:51 | Build | Farm |
| 28:21 | Build | University |
| 28:38 | Build | Mill |
| 28:52 | Create | Monk |
| 28:55 | Create | Monk |
| 28:59 | Research | Crossbowman (upgrade) |
| 29:26 | Build | Mining Camp |
| 29:37 | Build | Farm |
| 29:49 | Build | Farm |
| 30:06 | Build | Lumber Camp |
| 30:30 | Research | Imperial Age |
| 31:20 | Research | Town Watch |
| 31:22 | Research | Fletching |
| 31:23 | Research | Padded Archer Armor |
| 31:27 | Research | Ballistics |
| 31:30 | Create | Elephant Archer |
| 31:30 | Create | Elephant Archer |
| 31:31 | Create | Elephant Archer |
| 31:33 | Create | Elephant Archer |
| 31:34 | Create | Elephant Archer |
| 32:01 | Create | Elephant Archer |
| 32:01 | Create | Elephant Archer |
| 32:01 | Create | Elephant Archer |
| 32:01 | Create | Elephant Archer |
| 32:45 | Build | Stone Wall |
| 33:03 | Create | Elephant Archer |
| 33:03 | Create | Elephant Archer |
| 33:04 | Create | Elephant Archer |
| 33:04 | Create | Elephant Archer |
| 33:21 | Create | Elephant Archer |
Build order — JJ23
First 150 of 357 actions detected
| 0:12 | Build | Town Center |
| 1:19 | Create | Villager (Male) |
| 1:20 | Create | Villager (Male) |
| 1:20 | Create | Villager (Male) |
| 1:21 | Create | Villager (Male) |
| 1:54 | Build | Lumber Camp |
| 1:57 | Create | Villager (Male) |
| 2:52 | Create | Villager (Male) |
| 2:54 | Create | Villager (Male) |
| 4:08 | Create | Villager (Male) |
| 4:41 | Create | Villager (Male) |
| 4:41 | Create | Villager (Male) |
| 5:26 | Create | Villager (Male) |
| 5:40 | Create | Villager (Male) |
| 6:03 | Build | House |
| 6:13 | Create | Villager (Male) |
| 6:45 | Create | Villager (Male) |
| 6:57 | Create | Villager (Male) |
| 7:19 | Build | Mining Camp |
| 7:46 | Research | Loom |
| 7:59 | Research | Feudal Age |
| 8:20 | Build | Mill |
| 8:33 | Create | Villager (Male) |
| 8:34 | Create | Villager (Male) |
| 10:21 | Age | Feudal Age |
| 10:29 | Build | Blacksmith |
| 10:36 | Build | Market |
| 11:24 | Research | Castle Age |
| 11:47 | Build | Barracks |
| 12:30 | Research | Double-Bit Axe |
| 12:49 | Research | Man-at-Arms (upgrade) |
| 14:04 | Age | Castle Age |
| 14:28 | Build | Town Center |
| 14:31 | Create | Villager (Male) |
| 14:32 | Create | Villager (Male) |
| 14:43 | Create | Militia |
| 14:44 | Create | Militia |
| 14:47 | Research | Long Swordsman (upgrade) |
| 15:38 | Build | Farm |
| 15:41 | Build | Farm |
| 15:55 | Build | Farm |
| 16:04 | Build | Farm |
| 16:30 | Create | Villager (Male) |
| 16:30 | Create | Villager (Male) |
| 16:31 | Create | Villager (Male) |
| 16:31 | Create | Villager (Male) |
| 16:36 | Build | Farm |
| 17:00 | Build | House |
| 17:02 | Build | House |
| 17:07 | Build | Farm |
| 17:08 | Create | Villager (Male) |
| 17:31 | Create | Villager (Male) |
| 17:44 | Build | Farm |
| 17:50 | Create | Villager (Male) |
| 17:58 | Build | Farm |
| 18:02 | Build | Farm |
| 18:18 | Create | Villager (Male) |
| 18:25 | Build | Farm |
| 18:39 | Build | Farm |
| 18:40 | Create | Villager (Male) |
| 19:11 | Build | Castle |
| 19:25 | Create | Villager (Male) |
| 19:29 | Create | Villager (Male) |
| 19:30 | Create | Villager (Male) |
| 19:51 | Create | Villager (Male) |
| 19:56 | Build | House |
| 19:58 | Build | House |
| 20:01 | Build | Farm |
| 20:11 | Create | Villager (Male) |
| 20:20 | Create | Villager (Male) |
| 20:28 | Build | Farm |
| 20:32 | Create | Villager (Male) |
| 20:37 | Build | Farm |
| 20:38 | Create | Villager (Male) |
| 21:00 | Create | Villager (Male) |
| 21:07 | Create | Villager (Male) |
| 21:10 | Build | Farm |
| 21:16 | Build | Farm |
| 21:19 | Build | Farm |
| 21:23 | Build | Farm |
| 21:27 | Build | Farm |
| 21:28 | Create | Villager (Male) |
| 21:51 | Create | Villager (Male) |
| 22:00 | Build | Lumber Camp |
| 22:18 | Create | Villager (Male) |
| 22:19 | Create | Villager (Male) |
| 22:19 | Create | Villager (Male) |
| 22:24 | Build | Farm |
| 22:27 | Build | Farm |
| 22:28 | Create | Villager (Male) |
| 22:38 | Create | Petard |
| 22:39 | Create | Petard |
| 22:43 | Create | Villager (Male) |
| 22:47 | Build | Farm |
| 22:51 | Build | Farm |
| 22:56 | Build | Farm |
| 22:57 | Create | Villager (Male) |
| 23:08 | Build | Farm |
| 23:10 | Create | Villager (Male) |
| 23:18 | Research | Wheelbarrow |
| 23:28 | Build | Farm |
| 23:43 | Create | Centurion |
| 23:43 | Create | Centurion |
| 24:44 | Create | Villager (Male) |
| 24:45 | Create | Villager (Male) |
| 24:51 | Build | Farm |
| 24:55 | Build | Farm |
| 24:59 | Build | Farm |
| 25:13 | Build | Siege Workshop |
| 25:15 | Create | Villager (Male) |
| 25:16 | Create | Villager (Male) |
| 25:18 | Create | Villager (Male) |
| 25:23 | Build | Farm |
| 25:28 | Create | Villager (Male) |
| 25:35 | Build | Farm |
| 25:41 | Build | Farm |
| 25:44 | Create | Villager (Male) |
| 25:58 | Build | Farm |
| 26:21 | Research | Imperial Age |
| 26:24 | Create | Villager (Male) |
| 26:46 | Create | Scorpion |
| 26:49 | Create | Scorpion |
| 26:51 | Create | Scorpion |
| 26:55 | Create | Villager (Male) |
| 26:56 | Create | Villager (Male) |
| 26:57 | Create | Villager (Male) |
| 27:04 | Build | Farm |
| 27:08 | Build | Farm |
| 27:34 | Research | Horse Collar |
| 27:48 | Build | Lumber Camp |
| 28:03 | Research | Fletching |
| 28:04 | Research | Scale Mail Armor |
| 28:10 | Create | Villager (Male) |
| 28:16 | Build | House |
| 28:18 | Build | House |
| 28:32 | Build | Mining Camp |
| 28:34 | Create | Villager (Male) |
| 28:35 | Create | Villager (Male) |
| 28:43 | Build | House |
| 28:45 | Build | House |
| 28:48 | Research | Pikeman (upgrade) |
| 28:58 | Create | Villager (Male) |
| 29:09 | Create | Villager (Male) |
| 29:31 | Age | Imperial Age |
| 29:38 | Research | Legionary (upgrade) |
| 29:39 | Research | Squires |
| 29:43 | Research | Chain Mail Armor |
| 29:45 | Research | Forging |
| 29:56 | Create | Villager (Male) |
| 29:57 | Create | Villager (Male) |
Match timeline
| 5:46 | Rusinho · first_building Barracks |
| 10:21 | JJ23 · age_up feudal |
| 10:28 | carlosolares · age_up feudal |
| 10:34 | JeyAy · age_up feudal |
| 10:37 | carlosolares · wall_segment Stone Wall x10 |
| 10:41 | carlosolares · wall_segment Stone Wall x7 |
| 10:52 | carlosolares · wall_segment Stone Wall x8 |
| 10:53 | javier.dominguez · first_building Barracks |
| 11:19 | Napoleon · age_up feudal |
| 11:37 | javier.dominguez · age_up feudal |
| 11:47 | JJ23 · first_building Barracks |
| 11:50 | carlosolares · wall_segment Stone Wall x19 |
| 12:00 | Rusinho · age_up feudal |
| 12:26 | Rusinho · first_building Archery Range |
| 12:37 | carlosolares · wall_segment Stone Wall x3 |
| 12:40 | JeyAy · wall_segment Palisade Wall x7 |
| 12:44 | javier.dominguez · wall_segment Stone Wall x9 |
| 12:49 | JeyAy · wall_segment Palisade Wall x2 |
| 13:03 | Napoleon · first_building Barracks |
| 13:11 | carlosolares · wall_segment Stone Wall x6 |
| 13:25 | JeyAy · first_building Barracks |
| 13:32 | JeyAy · wall_segment Palisade Wall x3 |
| 14:04 | JJ23 · age_up castle |
| 14:16 | Napoleon · first_building Archery Range |
| 14:19 | JeyAy · age_up castle |
| 14:45 | JeyAy · first_building Stable |
| 14:56 | javier.dominguez · wall_segment Stone Wall x6 |
| 15:03 | carlosolares · wall_segment Stone Wall x6 |
| 15:17 | Napoleon · age_up castle |
| 15:18 | javier.dominguez · first_market_buy 100 food |
| 15:19 | JeyAy · wall_segment Palisade Wall x1 |
| 15:25 | Napoleon · first_building Stable |
| 15:30 | carlosolares · wall_segment Stone Wall x9 |
| 15:31 | javier.dominguez · first_building Archery Range |
| 15:53 | carlosolares · wall_segment Stone Wall x4 |
| 16:27 | JJ23 · first_market_buy 100 food |
| 16:45 | javier.dominguez · wall_segment Stone Wall x3 |
| 16:50 | carlosolares · wall_segment Stone Wall x1 |
| 16:54 | carlosolares · wall_segment Stone Wall x7 |
| 17:55 | javier.dominguez · wall_segment Stone Wall x7 |
| 18:01 | javier.dominguez · age_up castle |
| 18:14 | carlosolares · wall_segment Stone Wall x5 |
| 18:23 | carlosolares · wall_segment Stone Wall x1 |
| 18:30 | carlosolares · wall_segment Stone Wall x1 |
| 19:11 | JJ23 · first_building Castle |
| 19:38 | Rusinho · age_up castle |
| 20:04 | carlosolares · age_up castle |
| 20:13 | javier.dominguez · wall_segment Stone Wall x4 |
| 20:31 | carlosolares · wall_segment Stone Wall x1 |
| 20:33 | carlosolares · wall_segment Stone Wall x1 |
| 20:35 | carlosolares · wall_segment Stone Wall x1 |
| 20:36 | carlosolares · wall_segment Stone Wall x1 |
| 20:37 | carlosolares · wall_segment Stone Wall x1 |
| 20:40 | carlosolares · wall_segment Stone Wall x1 |
| 20:41 | carlosolares · wall_segment Stone Wall x1 |
| 20:42 | carlosolares · wall_segment Stone Wall x1 |
| 20:48 | javier.dominguez · wall_segment Stone Wall x2 |
| 20:53 | carlosolares · first_building Siege Workshop |
| 20:59 | Rusinho · wall_segment Stone Wall x4 |
| 21:43 | carlosolares · wall_segment Stone Wall x1 |
| 21:44 | carlosolares · wall_segment Stone Wall x1 |
| 21:49 | Rusinho · first_building Castle |
| 22:31 | carlosolares · wall_segment Stone Wall x5 |
| 22:45 | carlosolares · wall_segment Stone Wall x1 |
| 23:37 | Rusinho · first_building Monastery |
| 23:54 | carlosolares · wall_segment Stone Wall x8 |
| 24:02 | carlosolares · first_market_sell 100 stone |
| 24:06 | Rusinho · wall_segment Stone Wall x2 |
| 24:16 | Rusinho · wall_segment Stone Wall x1 |
| 24:32 | JeyAy · first_building Castle |
| 24:42 | javier.dominguez · first_building Castle |
| 25:13 | JJ23 · first_building Siege Workshop |
| 25:17 | Rusinho · wall_segment Stone Wall x11 |
| 25:38 | JeyAy · first_market_buy 100 food |
| 25:40 | javier.dominguez · first_building Siege Workshop |
| 26:54 | carlosolares · first_building Castle |
| 28:50 | javier.dominguez · wall_segment Stone Wall x10 |
| 29:31 | JJ23 · age_up imperial |
| 29:38 | javier.dominguez · wall_segment Stone Wall x7 |
| 29:47 | Napoleon · first_building Castle |
| 30:12 | JJ23 · first_market_sell 100 wood |
| 31:59 | carlosolares · wall_segment Stone Wall x12 |
| 32:06 | carlosolares · wall_segment Stone Wall x7 |
| 32:11 | carlosolares · wall_segment Stone Wall x1 |
| 32:20 | carlosolares · first_market_buy 100 stone |
| 32:30 | carlosolares · first_building Barracks |
| 32:45 | Rusinho · wall_segment Stone Wall x1 |
| 33:40 | Rusinho · age_up imperial |
| 33:44 | carlosolares · wall_segment Stone Wall x9 |
| 34:10 | JeyAy · first_building Siege Workshop |
| 34:20 | carlosolares · age_up imperial |
| 34:35 | carlosolares · first_building Archery Range |
| 35:41 | Rusinho · first_market_sell 100 wood |
| 35:51 | Rusinho · first_market_buy 100 stone |
| 36:03 | JeyAy · age_up imperial |
| 36:14 | JeyAy · first_market_sell 100 food |
| 38:04 | Napoleon · first_building Siege Workshop |
| 39:47 | Rusinho · wall_segment Stone Wall x3 |
| 39:49 | javier.dominguez · resign |
| 39:53 | Rusinho · wall_segment Stone Wall x3 |
| 45:58 | Napoleon · age_up imperial |
[ AI ANALYSIS · 1 CREDIT ]
What really happened in this match?
Wolo.gg analyzes every decision: build order, eco, micro, common mistakes by bracket. Personalized analysis on WhatsApp or Discord in 30 seconds.
Civ guide
Burgundians
Map guide
Steppe
Perfil
Jugador #2633608